Map: Prion Terraces

Players

juhyg

  • Race: Zerg Zerg
  • League: Bronze

doodlebob - Winner!

  • Race: Protoss Protoss
  • League: Silver

VOD

Have the link to the VOD?

Description

Time

  • Played on: Jan. 28, 2016, 12:11 a.m.
  • Length: 14:44
Show
View Real Time Build Order
Export as new Build Order

juhyg Zerg 

Build Orders: Pool First 

Get SALT Encoding   

  12  0:19  Spawning Pool  
  11  0:28  Drone  
  12  0:34  Overlord  
  12  0:48  Drone x2  
  14  0:51  Extractor  
  14  0:54  Drone  
  14  1:07  Queen  
  14  1:09  Drone  
  17  1:29  Drone x2  
  19  1:34  Overlord  
  19  1:51  Roach Warren  
  19  1:53  Drone  
  19  1:55  Zergling x2  
  20  2:07  Drone  
  21  2:32  Metabolic Boost  
  21  2:35  Drone  
  22  2:39  Roach x3  
  28  2:52  Overlord  
  27  3:03  Roach  
  29  3:09  Overlord  
  29  3:10  Overlord x2  
  29  3:15  Extractor  
  28  3:20  Drone  
  29  3:34  Drone  
  30  3:41  Roach  
  30  3:47  Zergling x6  
  35  3:51  Lair  
  35  4:08  Hatchery  
  34  4:19  Spore Crawler  
  34  4:22  Spore Crawler  
  32  4:24  Spine Crawler  
  31  4:37  Spine Crawler  
  30  4:39  Drone x2  
  30  4:40  Drone x2  
  34  5:14  Drone x3  
  34  5:20  Glial Reconstitution  
  37  5:29  Drone x4  
  37  5:32  Drone  
  42  5:49  Drone x2  
  44  5:55  Spore Crawler  
  43  6:02  Spore Crawler  
  42  6:04  Spore Crawler  
  42  6:06  Spine Crawler  
  42  6:09  Spine Crawler  
  39  6:29  Roach x6  
  39  6:32  Drone  
  49  7:09  Roach x3  
  49  7:10  Roach x3  
  61  7:23  Spine Crawler  
  61  7:25  Spine Crawler  
  61  7:26  Spine Crawler  
  61  7:27  Spine Crawler  
  55  7:31  Roach x2  
  55  7:33  Roach  
  52  7:47  Roach x2  
  56  7:54  Roach  
  56  7:55  Roach  
  57  8:37  Roach x5  
  57  8:38  Zergling x2  
  57  8:39  Overlord x2  
  68  8:57  Queen  
  60  9:23  Hydralisk Den  
  47  9:42  Drone  
  47  9:43  Drone  
  39  9:59  Overseer x2  
  37  10:02  Hydralisk x3  
  37  10:03  Hydralisk x4  
  51  10:11  Hydralisk  
  53  10:17  Hydralisk  
  55  10:34  Hydralisk  
  55  10:35  Hydralisk  
  59  10:36  Hydralisk  
  59  10:40  Drone  
  63  10:42  Drone  
  63  10:52  Hydralisk  
  65  10:58  Drone x3  
  68  11:52  Hydralisk x2  
  68  11:53  Hydralisk  
  68  11:54  Roach x4  
  78  11:55  Roach  
  78  11:56  Overlord x3  
  84  12:16  Roach x2  
  84  12:17  Roach  
  84  12:19  Roach  
  92  12:27  Roach  
  94  12:35  Roach x3  
  94  12:36  Roach x4  
  108  12:44  Overlord  
  108  13:00  Overlord x3  
  108  13:02  Hydralisk x2  
  108  13:03  Hydralisk  
  113  13:42  Hydralisk x3  
  113  13:43  Hydralisk x3  
Show
View Real Time Build Order
Export as new Build Order

doodlebob Protoss - Winner!

Build Orders: 1 Gate Expand, Mass Adepts 

Get SALT Encoding   

  12  0:05  Probe (Chrono Boost)  
  13  0:15  Pylon  
  13  0:18  Probe (Chrono Boost)  
  14  0:28  Probe (Chrono Boost)  
  15  0:35  Gateway  
  15  0:39  Probe (Chrono Boost)  
  16  0:49  Probe (Chrono Boost)  
  17  1:01  Probe (Chrono Boost)  
  18  1:19  Nexus  
  18  1:26  Cybernetics Core  
  18  1:29  Assimilator  
  18  1:30  Probe (Chrono Boost)  
  19  1:37  Assimilator  
  19  1:41  Probe (Chrono Boost)  
  20  2:02  Adept (Chrono Boost)  
  22  2:11  Probe (Chrono Boost)  
  23  2:22  Twilight Council  
  23  2:23  Gateway  
  23  2:27  Pylon  
  23  2:30  Probe  
  23  2:33  Adept (Chrono Boost)  
  23  2:35  Probe  
  26  2:42  Probe  
  28  2:54  Probe  
  28  2:55  Probe  
  30  3:05  Probe  
  30  3:07  Probe  
  32  3:15  Gateway  
  32  3:16  Probe, Warp Gate  
  32  3:19  Probe  
  34  3:23  Resonating Glaives  
  34  3:27  Probe, Adept (Chrono Boost)  
  36  3:31  Probe  
  36  3:33  Adept (Chrono Boost)  
  40  3:37  Probe  
  41  3:44  Probe  
  41  3:48  Probe  
  45  3:56  Probe  
  45  3:58  Adept (Chrono Boost)  
  46  4:03  Pylon  
  46  4:06  Gateway  
  52  4:24  Probe  
  52  4:25  Adept x3 (Chrono Boost)  
  52  4:26  Pylon  
  52  4:28  Probe  
  54  4:43  Probe  
  54  4:44  Pylon, Probe  
  56  4:46  Pylon  
  56  4:52  Adept x3 (Chrono Boost)  
  62  4:59  Stargate  
  62  5:06  Robotics Facility, Adept (Chrono Boost)  
  64  5:15  Assimilator  
  64  5:19  Assimilator, Adept (Chrono Boost)  
  66  5:33  Adept x2 (Chrono Boost)  
  66  5:34  Adept (Chrono Boost)  
  72  5:46  Adept (Chrono Boost)  
  74  5:51  Void Ray  
  78  6:09  Nexus  
  78  6:27  Pylon  
  78  6:29  Pylon  
  78  6:32  Pylon  
  78  6:34  Pylon  
  78  6:43  Probe  
  85  6:49  Stalker (Chrono Boost), Adept x2 (Chrono Boost)  
  85  6:54  Probe  
  78  7:20  Probe  
  73  7:26  Probe  
  69  7:30  Probe  
  65  7:37  Probe  
  65  7:38  Void Ray  
  65  7:41  Probe  
  69  7:47  Probe  
  69  7:48  Gateway  
  69  7:50  Gateway  
  70  7:51  Probe  
  70  7:52  Gateway  
  70  7:55  Gateway  
  70  7:57  Gateway  
  70  7:58  Probe  
  71  8:02  Probe  
  73  8:08  Probe  
  68  8:21  Void Ray  
  48  8:33  Adept x3  
  54  8:34  Adept  
  54  8:40  Probe  
  56  8:42  Probe  
  58  8:50  Probe, Dark Shrine  
  58  8:53  Probe  
  58  9:01  Probe  
  50  9:03  Probe  
  50  9:04  Void Ray  
  50  9:05  Adept  
  50  9:06  Adept x3  
  59  9:12  Probe  
  33  9:47  Void Ray  
  33  9:49  Probe  
  38  9:55  Probe  
  39  10:00  Probe  
  39  10:04  Dark Templar  
  39  10:05  Dark Templar x4  
  39  10:06  Probe  
  50  10:10  Probe  
  52  10:16  Probe  
  52  10:19  Probe  
  54  10:21  Probe  
  54  10:27  Probe  
  55  10:31  Probe  
  57  10:37  Probe  
  57  10:41  Void Ray  
  62  10:48  Probe  
  63  11:10  Probe  
  64  11:21  Probe  
  65  11:31  Probe  
  66  11:42  Probe  
  67  11:51  Probe  
  67  11:52  Probe  
  69  12:03  Probe  
  69  12:05  Probe  
  71  12:12  Void Ray  
  71  12:15  Probe  
  76  12:16  Probe  
  76  12:21  Pylon  
  77  12:26  Probe  
  77  12:27  Probe  
  79  12:44  Dark Templar  
  79  12:45  Dark Templar x5  
  79  12:46  Dark Templar x3  
  79  12:50  Archon  
  79  12:51  Archon x3  
  87  13:19  Adept  
  89  13:20  Adept x5  
  89  13:21  Adept x2  
  89  13:25  Adept  
  105  13:30  Assimilator  
  105  13:35  Assimilator  
  105  13:43  Adept x4  
  105  13:44  Adept x2  
  105  13:45  Nexus  
  117  13:50  Pylon  
  117  13:51  Pylon  
  117  13:53  Pylon  
  117  14:07  Probe  
  100  14:17  Probe  
  100  14:21  Adept x4  
  100  14:22  Adept x5  
  107  14:28  Probe  
Tags
 
Add a new tag
Caveats
  • Supply blocks, unpowered buildings, or Contaminate may cause inaccurate times.
  • Supply counts are checked every 10 seconds.